 Dungeon Crawl Stone Soup version 0.30-a0-145-g03d90e2e6d (webtiles) character file.

Game seed: 1625052981335711410

35 qw the Chopper (level 3, 0/23 HPs)
             Began as a Gargoyle Fighter on Sept 26, 2022.
             Slain by a gnoll
             ... wielding a +0 club
              (6 damage)
             ... on level 2 of the Dungeon.
             The game lasted 00:00:20 (786 turns).

qw the Chopper (Gargoyle Fighter)                    Turns: 786, Time: 00:00:20

Health: 0/23       AC: 10    Str: 21    XL:     3   Next: 33%
Magic:  3/3        EV: 13    Int:  8    God:
Gold:   65         SH:  4    Dex:  9    Spells: 2/2 levels left

rFire   . . .      SeeInvis .    Y - +0 war axe
rCold   . . .      Faith    .    c - +0 buckler
rNeg    + . .      Spirit   .    b - +0 scale mail
rPois   inf        Reflect  .    (no helmet)
rElec   +          Harm     .    (no cloak)
rCorr   .          Rampage  .    (no gloves)
Will    .....                    (no boots)
Stlth   ..........               (no amulet)
HPRegen 0.07/turn                j - +4 ring of evasion
MPRegen 0.08/turn                (no ring)

@: no status effects
A: sickness immunity, AC +3, negative energy resistance 1, electricity
resistance, torment resistance 1, petrification resistance
a: no special abilities


You were on level 2 of the Dungeon.
You visited 1 branch of the dungeon, and saw 2 of its levels.

You collected 65 gold pieces.


Innate Abilities, Weirdness & Mutations

You are immune to sickness and miasma.
Your stone body is resilient. (AC +3)
You are immune to poison.
You resist negative energy. (rN+)
You are resistant to electric shocks. (rElec)
You are resistant to unholy torment.
You are immune to petrification.


   Skills:
 - Level 3.2 Fighting
 + Level 3.3 Axes
 - Level 3.2 Armour
 - Level 3.2 Shields


You had 2 spell levels left.
You didn't know any spells.
Your spell library was empty.

Inventory:

Hand Weapons
 i - a +0 whip
 Y - a +0 war axe (weapon)
Armour
 b - a +0 scale mail (worn)
 c - a +0 buckler (worn)
Jewellery
 j - a +4 ring of evasion (left hand)
Potions
 d - a potion of might
 e - a potion of magic {unknown}
 g - a potion of curing {unknown}
 h - a potion of mutation {unknown}

Dungeon Overview and Level Annotations

Branches:
Dungeon (2/15)

Altars:


Message History

You start resting.
HP restored.
Found a stone staircase leading down.
Enter note:
There is a stone staircase leading down here.
A gnoll comes into view. It is wielding a +0 club.
The gnoll shouts!
Enter note: A gnoll comes into view.
It is wielding a +0 spear. 2 gnolls come into view.
The gnoll shouts! x2
You closely miss the gnoll. The gnoll closely misses you.
You closely miss the gnoll. The gnoll hits you but does no damage.
The gnoll misses you. The gnoll barely misses you.
The gnoll closely misses you.
You barely miss the gnoll. You closely miss the gnoll.
You hit the gnoll but do no damage.
The gnoll barely misses you. x2; You block the gnoll's attack.
You slash the gnoll!
You kill the gnoll!
You barely miss the gnoll. You hit the gnoll. You block the gnoll's attack.
The gnoll misses you. The gnoll hits you with a +0 club.
The gnoll closely misses you. The gnoll hits you but does no damage.
The gnoll closely misses you.
You closely miss the gnoll.
The gnoll is moderately wounded.
You slash the gnoll! The gnoll hits you but does no damage.
The gnoll hits you with a +0 whip! The gnoll hits you with a +0 club.
You closely miss the gnoll.
The gnoll is severely wounded.
You hit the gnoll. The gnoll misses you. The gnoll barely misses you.
The gnoll misses you.
You slash the gnoll!
You kill the gnoll!
You hit the gnoll but do no damage.
The gnoll hits you from afar with a +0 spear!
The gnoll hits you with a +0 club.
You die...

#.# #+ #.# #. #.# #. #.#
####. #.# ##### #....
#.# #....
..#....######.# ##.#.
......))......#######.#.
.....g.@...............>
#......g..###########.#.
#.........+ ........#.
#.........# ##########.
#.........# #.#......#.
.... #.........#
#........#. ##.....
#.........# #.#.######.
.......# #.........#
#.#.######. .......#
..####.#.#......


You could see 2 gnolls.

Vanquished Creatures
  2 gnolls (D:2)
  A dart slug (D:1)
  A ball python (D:2)
  2 bats (D:1)
  2 endoplasms (D:1)
  A giant cockroach (D:1)
  5 goblins
  2 hobgoblins (D:1)
  3 frilled lizards
  2 kobolds (D:1)
  2 rats
23 creatures vanquished.

Notes
Turn   | Place    | Note
-------+----------+-------------------------------------------
     0 | D:1      | qw the Gargoyle Fighter began the quest for the Orb.
     0 | D:1      | Reached XP level 1. HP: 14/14 MP: 1/1
     0 | D:1      | 0 ||| qw: Version: 0.2-a-10-g399e6c4
     0 | D:1      | 0 ||| qw: Game counter: 499
     0 | D:1      | 0 ||| qw: Always use a shield: true
     0 | D:1      | 0 ||| qw: God list: Okawaru
     0 | D:1      | 0 ||| qw: Allow faded altars: false
     0 | D:1      | 0 ||| qw: Do Orc after D:15 true
     0 | D:1      | 0 ||| qw: Do second Lair branch before Depths: true
     0 | D:1      | 0 ||| qw: Lair rune preference: random
     0 | D:1      | 0 ||| qw: Plans: Normal, Zot:1-4, God:TSO, Crypt, Tomb,
                  | Pan, Slime:5, Hells, Abyss, Orb
     0 | D:1      | 0 ||| PLANNING D:1-11
   155 | D:1      | 155 ||| DROPPING +0 club.
   158 | D:1      | 158 ||| Stepping ~*~*~tactically~*~*~ (hiding).
   170 | D:1      | Reached XP level 2. HP: 19/19 MP: 2/2
   480 | D:1      | 480 ||| Stepping ~*~*~tactically~*~*~ (stealth).
   481 | D:1      | 481 ||| Stepping ~*~*~tactically~*~*~ (stealth).
   509 | D:1      | Reached skill level 3 in Axes
   570 | D:1      | 570 ||| Stepping ~*~*~tactically~*~*~ (stealth).
   571 | D:1      | 571 ||| Stepping ~*~*~tactically~*~*~ (stealth).
   588 | D:1      | 588 ||| UPGRADING to +4 ring of evasion.
   589 | D:1      | 589 ||| READING scroll labelled QOXOGGOENT.
   590 | D:1      | 590 ||| READING scroll labelled OTET ISIHYIRE.
   591 | D:1      | 591 ||| READING scroll labelled TIENTY METI.
   644 | D:2      | Reached XP level 3. HP: 23/23 MP: 3/3
   786 | D:2      | Slain by a gnoll

Levels and vault maps discovered:
D:1:      dpeg_arrival_short_road, layout_rooms, st_stairs_8, minivault_24,
          minivault_11
D:2:      layout_basic, shapermc_ecumenical_altar_mp_vishouse

Skill      XL: |  1  2 |
---------------+-------+-----
Axes           | 2 3 |  3.3
Fighting       | |  3.2
Armour         | |  3.2
Shields        | |  3.2

Action                   || total
-------------------------++-------
Melee: War axe           ||    55
  Use: Scroll            ||     3
Armor: Scale mail        ||    25
Dodge: Dodged            ||    25
Block: Buckler           ||     6

Table legend:
 A = Non-vault XP
 B = Vault XP
 C = Vault XP percentage of total XP
 D = Non-vault monster count
 E = Vault monster count
 F = Vault count percentage of total count
                 A         B        C        D         E       F
            +---------+---------+-------+---------+---------+-------
      Total |      62 |       3 |   4.6 |      21 |       2 |   8.7
            +---------+---------+-------+---------+---------+-------
        D:1 |      28 |       3 |   9.7 |      15 |       2 |  11.8
        D:2 |      34 |       0 |   0.0 |       6 |       0 |   0.0
            +---------+---------+-------+---------+---------+-------
